 Dungeon Crawl Stone Soup version 0.27.1-35-g4d5d836560 (webtiles) character file.

Game seed: 16724178941260468618

1493929 AarnesTheHuman the Conqueror (level 27, 199/199 HPs)
             Began as a Formicid Fighter on Nov 3, 2021.
             Was a High Priest of Qazlal.
             Escaped with the Orb
             ... and 3 runes on Aug 6, 2022!
             The game lasted 05:42:17 (96144 turns).

AarnesTheHuman the Conqueror (Formicid Fighter)    Turns: 96144, Time: 05:42:18

Health: 199/199    AC: 34    Str: 27    XL:     27
Magic:  28/28      EV: 17    Int:  6    God:    Qazlal [*****.]
Gold:   4196       SH: 38    Dex: 13    Spells: 24/26 levels left

rFire    + + .     SeeInvis +   A - +6 arbalest "Damnation" {damnation}
rCold    + + .     Faith    .   S - +5 tower shield {AC+3}
rNeg     + . .     Spirit   .   X - +9 plate armour of Claustrophobia {rElec}
rPois    +         Reflect  +   (helmet unavailable)
rElec    +         Harm     .   m - scarf {rC+ rF+}
rCorr    +         Rampage  +   T - +2 pair of gloves "Yreutuam" {Rampage *Slow rElec rF+}
Will     +++++                  q - +1 pair of boots {Fly}
Stlth    ..........             f - amulet of Impatience {Reflect rN+ Will++ Int-5 Dex+4 SH+5}
HPRegen  0.43/turn              y - ring of Emotut {rPois Will+ EV+4}
MPRegen  0.21/turn              Y - ring of Starshine {rElec rC+ rCorr Str-3 Int+2}

@: flying, repel missiles
A: permanent stasis, dig shafts and tunnels, antennae 3, four strong arms,
clumsy 1, deformed body, frail 2, low mp 3, screaming 1, inhibited regeneration,
weak 1, sturdy frame 1
0: Orb of Zot
}: 3/15 runes: barnacled, silver, gossamer
a: Dig, Shaft Self, Renounce Religion, Upheaval, Elemental Force, Disaster Area


You escaped.
You worshipped Qazlal.
Qazlal was extremely pleased with you.
You visited 10 branches of the dungeon, and saw 50 of its levels.
You visited 1 bazaar.
You also visited: Bailey, Gauntlet and Volcano.

You collected 8251 gold pieces.
You spent 4055 gold pieces at shops.

Inventory:

Hand Weapons
 a - a +9 vorpal double sword
 b - the +8 arbalest of Salt {freeze, *Slow rC+ Str+4 Stlth+}
   (You found it on level 4 of the Vaults)

   Any ammunition fired from it freezes those it strikes, dealing additional
   cold damage.
   It can also slow down cold-blooded creatures.
   Str:       It affects your strength (+4).
   rC:        It protects you from cold.
   *Slow:     It may slow you when you take damage.
   Stlth:     It makes you more stealthy.
 A - the +6 arbalest "Damnation" (weapon) {damnation}
   (You found it on level 3 of the Elven Halls)

   Any ammunition fired from it explodes in a burst of damnation on striking a
   foe, dealing damage which bypasses armour.
Missiles
 c - 7 throwing nets
 F - 721 bolts (quivered ammo)
 I - 26 curare-tipped darts
 J - 181 poisoned darts
Armour
 m - a scarf of resistance (worn)
 q - a +1 pair of boots of flying (worn)
 x - the +1 pair of gloves "Ficaud" {rC+ Will- Str+4}
   (You bought it in a shop on level 1 of the Shoals)

   Str:       It affects your strength (+4).
   rC:        It protects you from cold.
   Will:      It decreases your willpower.
 B - the +0 cloak "Qiwkuet" {Rampage rElec Regen+}
   (You acquired it on level 8 of the Dungeon)

   rElec:     It insulates you from electricity.
   Regen:     It increases your rate of health regeneration.
   Rampage:   It bestows one free step when moving towards enemies.
 S - a +5 tower shield of protection (worn)
 T - the +2 pair of gloves "Yreutuam" (worn) {Rampage *Slow rElec rF+}
   (You bought it in a shop on level 2 of the Vaults)

   rF:        It protects you from fire.
   rElec:     It insulates you from electricity.
   *Slow:     It may slow you when you take damage.
   Rampage:   It bestows one free step when moving towards enemies.
 X - the +9 plate armour of Claustrophobia (worn) {rElec}
   (You bought it in a shop on level 2 of the Orcish Mines)

   rElec:     It insulates you from electricity.
Jewellery
 e - a ring of poison resistance
 f - the amulet of Impatience (around neck) {Reflect rN+ Will++ Int-5 Dex+4 SH+5}
   (You acquired it on level 4 of the Dungeon)

   [amulet of reflection]

   It reflects blocked missile attacks.
   Int:       It affects your intelligence (-5).
   Dex:       It affects your dexterity (+4).
   rN:        It protects you from negative energy.
   SH:        It affects your SH (+5).
   Will:      It greatly increases your willpower.
 g - a ring of protection from fire
 n - a ring of resist corrosion
 o - a ring of protection from cold
 t - the ring "Egacrugo" {Ice Int+2}
   (You took it off a hell knight on level 4 of the Depths)

   [ring of ice]

   It enhances your ice magic.
   Int:       It affects your intelligence (+2).
   rF:        It makes you vulnerable to fire.
   rC:        It protects you from cold.
 y - the ring of Emotut (left hand) {rPois Will+ EV+4}
   (You took it off a minotaur in a Gauntlet)

   [ring of evasion]

   EV:        It affects your evasion (+4).
   rPois:     It protects you from poison.
   Will:      It increases your willpower.
 K - a ring of positive energy
 W - the ring "Aniux" {*Slow rF+ Will+ SInv}
   (You took it off a frost giant on level 4 of the Depths)

   [ring of willpower]

   rF:        It protects you from fire.
   SInv:      It lets you see invisible.
   *Slow:     It may slow you when you take damage.
   Will:      It increases your willpower.
 Y - the ring of Starshine (right hand) {rElec rC+ rCorr Str-3 Int+2}
   (You bought it in a shop on level 2 of the Elven Halls)

   [ring of protection from cold]

   Str:       It affects your strength (-3).
   Int:       It affects your intelligence (+2).
   rC:        It protects you from cold.
   rElec:     It insulates you from electricity.
   rCorr:     It protects you from acid and corrosion.
Wands
 u - a wand of digging (7)
 C - a wand of iceblast (72)
 M - a wand of acid (42)
 U - a wand of flame (104)
Scrolls
 k - a scroll of enchant weapon
 z - 8 scrolls of fear
 D - 9 scrolls of fog
 G - a scroll of identify
 H - 2 scrolls of silence
 L - a scroll of enchant armour
 O - 7 scrolls of summoning
 Q - 5 scrolls of magic mapping
 Z - a scroll of brand weapon
Potions
 d - 9 potions of might
 h - 10 potions of heal wounds
 i - 8 potions of cancellation
 j - 4 potions of magic
 l - 20 potions of curing
 p - a potion of mutation
 r - 9 potions of attraction
 s - 12 potions of brilliance
 w - 5 potions of lignification
 E - 7 potions of resistance
 P - 9 potions of ambrosia
 V - 3 potions of invisibility
Miscellaneous
 v - a tin of tremorstones (2/2)
 R - a condenser vane


   Skills:
 O Level 27 Fighting
 - Level 17.2 Long Blades
 - Level 18.0 Crossbows
 + Level 23.4 Armour
 - Level 9.0 Dodging
 - Level 15.0 Shields
 - Level 9.0 Transmutations
 - Level 11.0 Earth Magic
 + Level 26.2 Invocations
 - Level 8.0 Evocations


You had 24 spell levels left.
You knew the following spells:

 Your Spells              Type           Power      Damage    Failure   Level
a - Passwall              Tmut/Erth      10%        N/A       3%          2

Your spell library contained the following spells:

 Spells                   Type           Power      Damage    Failure   Level
 Sandblast                Erth           26%        2d8       1%          1
 Beastly Appendage        Tmut           20%        N/A       3%          1
 Wereblood                Tmut           10%        N/A       5%          2
 Lee's Rapid Deconstruct  Erth           6%         3d7*      38%         5
 Blade Hands              Tmut           5%         N/A       67%         5
 Ignite Poison            Fire/Tmut/Pois 3%         N/A       77%         3
 Animate Skeleton         Necr           0%         N/A       80%         1
 Apportation              Tloc           0%         N/A       80%         1
 Corona                   Hex            0%         N/A       80%         1
 Foxfire                  Conj/Fire      0%         2x1d4     80%         1
 Freeze                   Ice            0%         1d3       80%         1
 Magic Dart               Conj           0%         1d3       80%         1
 Pain                     Necr           0%         1d4       80%         1
 Shock                    Conj/Air       0%         1d3       80%         1
 Summon Small Mammal      Summ           0%         N/A       80%         1
 Corpse Rot               Necr/Air       N/A        N/A       91%         2
 Ensorcelled Hibernation  Hex/Ice        0%         N/A       91%         2
 Searing Ray              Conj           0%         3d3       91%         2
 Slow                     Hex            0%         N/A       91%         2
 Static Discharge         Conj/Air       0%         N/A       91%         2
 Statue Form              Tmut/Erth      8%         N/A       98%         6
 Call Canine Familiar     Summ           0%         N/A       99%         3
 Confusing Touch          Hex            0%         N/A       99%         3
 Conjure Flame            Conj/Fire      0%         6-21      99%         3
 Dazzling Flash           Conj/Hex       0%         N/A       99%         3
 Gell's Gravitas          Tloc           0%         N/A       99%         3
 Lesser Beckoning         Tloc           0%         N/A       99%         3
 Mephitic Cloud           Conj/Pois/Air  0%         N/A       99%         3
 Portal Projectile        Hex/Tloc       0%         N/A       99%         3
 Summon Guardian Golem    Hex/Summ       0%         N/A       99%         3
 Teleport Other           Tloc           0%         N/A       99%         3
 Tukima's Dance           Hex            0%         N/A       99%         3
 Vampiric Draining        Necr           0%         2d6       99%         3
 Alistair's Intoxication  Tmut/Pois      3%         N/A       99%         5
 Borgnjor's Vile Clutch   Necr/Erth      3%         N/A       99%         5
 Irradiate                Conj/Tmut      2%         3d14      99%         5
 Yara's Violent Unravell  Hex/Tmut       2%         3d3       99%         5
 Airstrike                Air            0%         N/A       100%        4
 Animate Dead             Necr           0%         N/A       100%        4
 Dispel Undead            Necr           0%         3d6       100%        4
 Fulminant Prism          Conj/Hex       0%         3d6       100%        4
 Olgreb's Toxic Radiance  Pois           0%         N/A       100%        4
 Passage of Golubria      Tloc           N/A        N/A       100%        4
 Sticky Flame             Conj/Fire      0%         2d3       100%        4
 Summon Ice Beast         Ice/Summ       0%         N/A       100%        4
 Summon Lightning Spire   Summ/Air       0%         N/A       100%        4
 Agony                    Necr           0%         N/A       100%        5
 Bolt of Magma            Conj/Fire/Erth 2%         4d4       100%        5
 Excruciating Wounds      Necr           0%         N/A       100%        5
 Fireball                 Conj/Fire      0%         3d3       100%        5
 Iskenderun's Battlesphe  Conj           0%         2d6       100%        5
 Manifold Assault         Tloc           0%         N/A       100%        5
 Metabolic Englaciation   Hex/Ice        0%         N/A       100%        5
 Summon Forest            Summ/Tloc      0%         N/A       100%        5
 Summon Mana Viper        Hex/Summ       0%         N/A       100%        5
 Death Channel            Necr           0%         N/A       100%        6
 Dispersal                Tloc           0%         N/A       100%        6
 Eringya's Noxious Bog    Tmut/Pois      2%         N/A       100%        6
 Invisibility             Hex            0%         N/A       100%        6
 Iron Shot                Conj/Erth      3%         9d2       100%        6
 Shadow Creatures         Summ           N/A        N/A       100%        6
 Starburst                Conj/Fire      0%         6d3       100%        6
 Dragon Form              Tmut           5%         N/A       100%        7
 Monstrous Menagerie      Summ           0%         N/A       100%        7
 Ozocubu's Refrigeration  Ice            0%         4d5       100%        7
 Spellforged Servitor     Conj/Summ      0%         N/A       100%        7
 Disjunction              Tloc           0%         N/A       100%        8
 Ignition                 Fire           0%         3d3       100%        8
 Maxwell's Capacitive Co  Air            0%         ∞         100%        8
 Summon Horrible Things   Summ           0%         N/A       100%        8
 Chain Lightning          Conj/Air       0%         N/A       100%        9
 Fire Storm               Conj/Fire      0%         5d1       100%        9
 Blink                    Tloc           Unusable   N/A       N/A         2
 Swiftness                Air            Unusable   N/A       N/A         3

Dungeon Overview and Level Annotations

Branches:
Dungeon (15/15)            Temple (1/1) D:4            Lair (6/6) D:9
 Shoals (4/4) Lair:3       Spider (4/4) Lair:3        Slime (0/5) Lair:5
    Orc (2/2) D:9             Elf (3/3) Orc:2        Vaults (5/5) D:14
  Crypt (0/3) Vaults:3     Depths (5/5) D:15            Zot (5/5) Depths:5
 Bailey (visited)         Volcano (visited)         Gauntlet (visited)

Altars:
Ashenzari
Cheibriados
Dithmenos
Elyvilon
Fedhas
Gozag
Hepliaklqana
Kikubaaqudgha
Makhleb
Nemelex Xobeh
Okawaru
Qazlal
Ru
Sif Muna
Trog
Uskayaw
Vehumet
Wu Jian
Xom
Yredelemnul
Zin
The Shining One
Beogh

Shops:
D:4 :[:*   D:8 [   D:11 *   D:12 *   D:13 (   D:14 ?   Orc:1 (=   Orc:2 =[*(
Elf:1 [[(*(   Elf:2 =   Elf:3 *   Shoals:1 [   Vaults:2 [[[   Vaults:4 (
Vaults:5 =   Depths:1 ::=

Portals:
Hell: Depths:1 Depths:2 Depths:3 Depths:4 Depths:5
Abyss: Depths:1 Depths:4
Pandemonium: Depths:2 Depths:3
Ziggurat: Depths:4

Annotations:
D:14 exclusion: downstairs
Lair:3 1 runed translucent door
Spider:4 3 runed translucent doors, exclusion: 3 doors, Sopaderocas's ghost, adept KoEn
Elf:2 1 runed translucent door, exclusions: door and downstairs, Jabberih's ghost, adept MfMo
Vaults:1 exclusion: downstairs
Vaults:4 3 runed translucent doors, exclusion: 3 doors, Moagi's ghost, adept GnSk; royokou's ghost, veteran MiFi
Depths:1 exclusion: 3 downstairs
Depths:2 3 runed translucent doors, exclusions: 3 doors and 3 downstairs, Roant's ghost, adept DsAK
Depths:3 exclusion: 2 downstairs
Depths:4 1 runed translucent door, exclusion: 2 downstairs
Depths:5 1 runed translucent door, exclusions: door and 4 draconian stormcallers
Zot:1 exclusion: downstairs
Zot:2 exclusion: 2 downstairs


Innate Abilities, Weirdness & Mutations

You cannot be hasted, slowed, berserked, paralysed or teleported.
You can dig through walls and to a lower floor.
You have a pair of large antennae on your head. (SInv)
Your four strong arms can wield two-handed weapons with a shield.
You are clumsy. (Dex -2)
Armour fits poorly on your strangely shaped body.
You are very frail. (-20% HP)
Your magical capacity is extremely low. (-30% MP)
You occasionally shout uncontrollably at your foes.
You do not regenerate when monsters are visible.
You are weak. (Str -2)
Your movements are slightly less encumbered by armour. (ER -2)


Message History

You fly upwards.
There is a stone staircase leading down here.
(D) Dungeon (T) Temple (L) Lair (A) Shoals (N) Spider Nest (M) Slime Pits (O) Orcish Mines (E) Elven Halls (V) Vaults (C) Crypt (U) Depths (H) Hell (Z) Zot
Where to? (Enter - D:1, ? - help)
There is an escape hatch in the ceiling here.
There is a stone staircase leading up here.
You sense a monster nearby.
You fly upwards.
There is a stone staircase leading down here.
(D) Dungeon (T) Temple (L) Lair (A) Shoals (N) Spider Nest (M) Slime Pits (O) Orcish Mines (E) Elven Halls (V) Vaults (C) Crypt (U) Depths (H) Hell (Z) Zot
Where to? (Enter - D:1, ? - help)
There is a stone staircase leading up here.
You fly upwards.
There is a stone staircase leading down here.
There is an entrance to Motusin's Assorted Antiques here.
There is a stone staircase leading up here.
You fly upwards.
There is a stone staircase leading down here.
There is an escape hatch in the ceiling here.
A mysterious force pulls you upwards. The hatch slams shut behind you.
You see here a +0 club.
You see here a +0 dagger.
There is a stone staircase leading up here.
You fly upwards.
There is a stone staircase leading down here.
You extend your mandibles.
You dig through the rock wall.
You retract your mandibles.
You extend your mandibles.
You dig through the rock wall.
You dig through the rock wall.
You retract your mandibles.
There is a staircase leading out of the dungeon here.
You have escaped!

#....# #.##...# #....#
###......# #....#
#.'.....⌠# ######'##
#.#......# ...# #.###
#.#.##..≈# ...#
#.#.###.#.##.≈≈# ...#
#.#.....#.§.≈≈≈# ####
#.#.###.#...≈≈≈# #.#.#
#.#.○@☼≈⌠# #.#.#
#.#.###### #.#.#
#.##.######### #.#.#
#............#
######.#.#####.#######.##
.............>.###...#.#
#.####.#.........#.#.#.#
#......#...#####.#.#.#.#
#......#.............#.#


There were no monsters in sight!

Vanquished Creatures
  2 dread liches (Zot:5)
  3 ancient liches
  Mara (Shoals:4)
  A juggernaut (Depths:3)
  6 orbs of fire (Zot:5)
  Boris (Vaults:4)
  A curse toe (Zot:5)
  3 Killer Klowns (Zot:5)
  Frederick (Vaults:5)
  A caustic shrike (Depths:4)
  Jory (Vaults:2)
  13 golden dragons
  Nikola (Spider:3)
  2 bone dragons (Depths:5)
  Arachne (Spider:1)
  3 electric golems
  18 tentacled monstrosities
  A hellephant (D:14)
  3 liches
  3 deep elf blademasters
  Asterion (Spider:1)
  7 quicksilver dragons
  25 Orb Guardians (Zot:5)
  7 titans
  2 deep elf master archers (Elf:3)
  7 death cobs
  4 sphinxes
  13 storm dragons
  Agnes (Elf:2)
  9 shadow dragons
  Donald (Shoals:1)
  A kraken (Shoals:2)
  11 tengu reavers
  9 draconian monks
  A daeva (Depths:1)
  7 fire giants
  4 iron dragons
  4 draconian scorchers
  A caustic shrike zombie (Depths:3)
  3 orc warlords
  3 emperor scorpions
  5 deep elf sorcerers
  13 vault wardens
  5 draconian knights
  5 ghost moths
  7 draconian shifters
  Aizul (Shoals:1)
  10 frost giants
  2 spectral caustic shrikes (Depths:4)
  A draconian stormcaller (Zot:3)
  5 deep elf elementalists
  19 stone giants
  4 draconian annihilators
  4 war gargoyles
  21 ironbound preservers
  40 very ugly things
  3 vampire knights
  12 green draconians
  10 deep elf demonologists
  A dire elephant (Vaults:1)
  10 black draconians
  A minotaur (Gauntlet)
  7 red draconians
  11 spark wasps
  11 yellow draconians
  9 purple draconians
  An entropy weaver (shapeshifter) (Vaults:1)
  A bunyip (shapeshifter) (Vaults:5)
  5 deep elf annihilators (Elf:3)
  6 entropy weavers
  8 white draconians
  7 deep elf death magi
  5 merfolk javelineers
  A green death (Depths:3)
  16 ettins
  13 merfolk impalers
  A great orb of eyes (shapeshifter) (Vaults:4)
  5 great orbs of eyes
  6 fire dragons
  27 vault guards
  A hydra (shapeshifter) (Vaults:5)
  10 yaktaur captains
  7 rakshasas
  12 ironbound thunderhulks
  3 deep elf high priests (Elf:3)
  A peacekeeper (Vaults:3)
  7 ice dragons
  5 boulder beetles
  9 ironbound frosthearts
  6 hydras
  8 spriggan air magi
  2 merfolk avatars (Shoals:2)
  The ghost of Zkahoot the Geomancer, a journeyman OpEE of Sif Muna (D:11)
  An ogre mage (D:15)
  A boulder beetle (shapeshifter) (Vaults:5)
  An anaconda (shapeshifter) (Depths:4)
  A merfolk aquamancer (Shoals:4)
  A catoblepas (D:9)
  13 two-headed ogres
  31 dancing weapons
  8 centaur warriors
  11 death yaks
  7 deep troll earth magi
  10 deep troll shamans
  8 death scarabs (Spider:4)
  4 orc high priests
  2 satyrs
  2 tengu warriors
  A soul eater (Depths:3)
  4 ironbound beastmasters
  3 spriggan berserkers
  2 vampire magi
  Sonja (D:13)
  A spriggan (Depths:3)
  A fire crab (Gauntlet)
  3 hell knights
  4 iron trolls
  A storm dragon zombie (D:15)
  19 deep elf knights
  A titan skeleton (Depths:3)
  7 sea snakes
  A storm dragon skeleton (D:15)
  A salamander mystic (Volcano)
  2 skeletal warriors
  A goliath frog (Lair:6)
  A fire crab (shapeshifter) (Vaults:4)
  A spectral emperor scorpion (Spider:4)
  A torturous demonspawn (Depths:3)
  2 glowing orange brains (shapeshifter)
  5 glowing orange brains
  A spark wasp zombie (D:15)
  69 deep trolls
  17 ironbound convokers
  17 wizards
  5 lindwurms
  16 harpies
  34 deep elf zephyrmancers
  6 phantasmal warriors
  2 tengu skeletons
  4 spectral wolf spiders (Spider:4)
  17 orc knights
  18 deep elf archers
  15 wolf spiders
  11 orb spiders
  3 wolf spider zombies
  28 deep elf pyromancers
  4 necromancers
  64 ugly things
  17 fauns
  7 salamanders
  A fire giant zombie (D:15)
  4 cyclopes
  A stone giant zombie (D:15)
  6 orc sorcerers
  18 elephants
  A frost giant zombie (Depths:3)
  26 moths of wrath
  18 manticores
  A cyclops (shapeshifter) (Depths:4)
  9 black mambas
  5 merfolk sirens
  A black mamba (shapeshifter) (D:14)
  13 vault sentinels
  2 torpor snails
  2 orange demons (Depths:3)
  A rust devil (Depths:3)
  6 water nymphs
  Psyche (D:10)
  3 kobold demonologists
  2 gargoyles
  24 cane toads
  A smoke demon (Depths:3)
  3 unseen horrors
  3 large abominations (Depths:4)
  Maggie (Lair:2)
  9 demonic crawlers
  A redback zombie (Spider:4)
  5 tengu conjurers
  26 yaktaurs
  4 rime drakes
  2 freezing wraiths
  A spectral redback (Spider:4)
  11 komodo dragons
  2 hellwings (Depths:3)
  2 komodo dragons (shapeshifter)
  A golden dragon simulacrum (Depths:3)
  3 meliai (Spider:1)
  2 red devils (Depths:3)
  A queen bee (D:9)
  35 jumping spiders
  A meliai (shapeshifter) (Depths:3)
  13 trolls
  A jumping spider (shapeshifter) (D:14)
  Prince Ribbit (D:7)
  5 polar bears
  14 hornets
  A hornet (shapeshifter) (Elf:1)
  6 wind drakes
  23 merfolk
  3 tyrant leeches (Lair:6)
  2 spectral jumping spiders (Spider:4)
  28 blink frogs
  Grinder (D:5)
  A tengu simulacrum (Vaults:5)
  A jumping spider zombie (Spider:4)
  30 slime creatures
  6 dream sheep
  6 snapping turtles
  An ice dragon zombie (D:15)
  7 spectral tarantellas
  A human simulacrum (Vaults:5)
  57 redbacks
  9 shadows
  23 tarantellas
  A vampire (D:13)
  A centaur simulacrum (D:15)
  A yak (shapeshifter) (Vaults:5)
  13 water elementals
  A human (shapeshifter) (Depths:4)
  4 fire bats (Gauntlet)
  2 fire elementals
  11 wyverns
  50 yaks
  9 basilisks
  20 humans (D:14)
  A golden eye (Zot:5)
  2 steam dragons
  5 wargs
  4 chaos spawn (Depths:4)
  5 vampire mosquitoes
  A swamp worm (shapeshifter) (Vaults:5)
  A hell hound (D:15)
  An acid dragon (D:11)
  21 water moccasins
  2 floating eyes
  2 spectral hornets (Spider:4)
  3 sky beasts
  A floating eye (shapeshifter) (Vaults:5)
  39 orc warriors
  An ice beast (D:8)
  A necrophage (D:8)
  9 boggarts
  4 black bears
  11 ogres
  7 centaurs
  14 wolves
  A human skeleton (Vaults:5)
  Blork the orc (D:5)
  14 kobold brigands
  3 gnoll sergeants (D:9)
  22 bullfrogs
  A glowing shapeshifter simulacrum (Vaults:5)
  A wyvern zombie (D:6)
  2 earth elementals (Elf:3)
  A scorpion (D:5)
  A wyvern skeleton (D:6)
  A water moccasin skeleton (D:5)
  10 killer bees
  3 wights (D:6)
  5 howler monkeys
  An electric eel (Lair:6)
  A bullfrog zombie (D:6)
  2 hounds
  2 centaur zombies
  21 orc priests
  3 jellies
  A gnoll shaman (D:4)
  3 iguanas
  Terence (D:2)
  20 orc wizards
  2 hell rats (D:15)
  8 small abominations (Depths:4)
  A killer bee zombie (D:3)
  A hound skeleton (D:4)
  A howler monkey zombie (D:6)
  17 gnolls
  3 howler monkey skeletons
  8 adders
  A shadow imp (Gauntlet)
  2 white imps
  2 adder skeletons (D:4)
  An adder zombie (D:5)
  A worm (D:4)
  4 dart slugs
  89 orcs
  4 endoplasms
  4 giant cockroaches
  7 goblins
  8 hobgoblins
  7 jackals
  2 quokkas (D:1)
  8 ball pythons
  3 bats
  5 frilled lizards
  22 kobolds
  5 rats
  A butterfly (Lair:1)
  3 tentacles (Shoals:2)
2185 creatures vanquished.

Vanquished Creatures (collateral kills)
  A storm dragon (Zot:3)
  A hydra (Lair:1)
2 creatures vanquished.

Vanquished Creatures (others)
  A wizard (Vaults:1)
  4 deep elf pyromancers
  A kobold brigand (D:8)
  An orc priest (Orc:2)
  An orc wizard (Orc:2)
  An orc (Orc:1)
  A bush (Lair:6)
  21 fungi
  166 plants
  3 tentacles (Shoals:2)
  14 withered plants
214 creatures vanquished.

Grand Total: 2401 creatures vanquished

Notes
Turn   | Place    | Note
-------+----------+-------------------------------------------
     0 | D:1      | AarnesTheHuman the Formicid Fighter began the quest for the
                  | Orb.
     0 | D:1      | Reached XP level 1. HP: 18/18 MP: 1/1
   511 | D:1      | Reached XP level 2. HP: 24/24 MP: 2/2
  1135 | D:1      | Reached XP level 3. HP: 25/29 MP: 3/3
  2296 | D:2      | Noticed Terence
  2307 | D:2      | Killed Terence
  2308 | D:2      | Reached XP level 4. HP: 10/37 MP: 4/4
  2992 | D:3      | Reached skill level 4 in Fighting
  3252 | D:3      | Reached XP level 5. HP: 13/42 MP: 5/5
  4023 | D:3      | Found a shimmering altar of Xom.
  4025 | D:3      | Found an ancient bone altar of Kikubaaqudgha.
  4027 | D:3      | Found a burning altar of Makhleb.
  4308 | D:4      | Found Motusin's Assorted Antiques.
  4575 | D:4      | Identified 3 scrolls of acquirement
  4575 | D:4      | Acquired the amulet of Impatience {Reflect rN+ Will++ Int-5
                  | Dex+4 SH+5}
  4592 | D:4      | Acquired a manual of Fighting
  4594 | D:4      | Acquired a +0 vorpal double sword
  5069 | D:4      | Found Asumet's Armour Shop.
  5347 | D:4      | Found Beshis Norr's Book Shop.
  5451 | D:4      | Reached XP level 6. HP: 38/49 MP: 6/6
  5534 | D:4      | Found Suegyvup's Book Emporium.
  5727 | D:4      | Reached skill level 5 in Shields
  5831 | D:4      | Reached skill level 5 in Fighting
  5884 | D:4      | Found a staircase to the Ecumenical Temple.
  5911 | Temple   | Entered the Ecumenical Temple
  6200 | Temple   | Became a worshipper of Qazlal Stormbringer
  6258 | D:5      | Entered Level 5 of the Dungeon
  6452 | D:5      | Reached XP level 7. HP: 44/56 MP: 7/7
  6522 | D:5      | Noticed Blork the orc
  6529 | D:5      | Killed Blork the orc
  6530 | D:5      | Reached skill level 1 in Invocations
  6783 | D:5      | Noticed Grinder
  6797 | D:5      | Killed Grinder
  6798 | D:5      | Reached skill level 5 in Armour
  6954 | D:5      | Reached skill level 6 in Fighting
  6954 | D:5      | Reached skill level 5 in Long Blades
  6954 | D:5      | Reached XP level 8. HP: 64/64 MP: 9/9
  7709 | D:6      | Found a basalt altar of Yredelemnul.
  7979 | D:6      | Reached skill level 7 in Fighting
  8073 | D:6      | Found a white marble altar of Elyvilon.
  8098 | D:6      | Reached * piety under Qazlal
  8099 | D:6      | Reached XP level 9. HP: 58/72 MP: 11/11
  9050 | D:7      | Noticed a hornet
  9061 | D:7      | Killed a hornet
  9062 | D:7      | Reached skill level 8 in Fighting
  9101 | D:7      | Found a shadowy altar of Dithmenos.
  9103 | D:7      | Noticed Prince Ribbit
  9158 | D:7      | Killed Prince Ribbit
  9496 | D:7      | Reached skill level 5 in Invocations
  9699 | D:7      | Found an opulent altar of Gozag.
  9924 | D:8      | Reached XP level 10. HP: 82/82 MP: 12/14
  9963 | D:8      | Found Lolow's Antique Armour Shoppe.
  9967 | D:8      | Noticed a cyan ugly thing
  9980 | D:7      | Killed a cyan ugly thing
  9981 | D:7      | Reached skill level 9 in Fighting
 10883 | D:8      | Noticed an unseen horror
 10900 | D:8      | Killed an unseen horror
 10907 | D:8      | Reached ** piety under Qazlal
 10948 | D:8      | Acquired 848 gold pieces
 10949 | D:8      | Acquired the +0 cloak "Qiwkuet" {Rampage rElec Regen+}
 11017 | D:8      | Reached skill level 10 in Fighting
 11137 | D:8      | Found a bloodstained altar of Trog.
 11305 | D:8      | Noticed a manticore
 11315 | D:8      | Killed a manticore
 11774 | D:9      | Reached XP level 11. HP: 91/91 MP: 16/16
 11905 | D:9      | Reached skill level 10 in Long Blades
 11924 | D:9      | Reached skill level 11 in Fighting
 12050 | D:9      | Reached *** piety under Qazlal
 12063 | D:9      | Found a staircase to the Orcish Mines.
 12107 | D:9      | Found a staircase to the Lair.
 12428 | D:9      | Reached skill level 1 in Crossbows
 12583 | D:10     | Entered Level 10 of the Dungeon
 12734 | D:10     | Noticed a two-headed ogre
 12735 | D:10     | Noticed a two-headed ogre
 12740 | D:10     | Noticed a two-headed ogre
 12864 | D:10     | Noticed Psyche
 12869 | D:10     | Killed Psyche
 13249 | D:10     | Noticed a manticore
 13262 | D:10     | Killed a manticore
 13269 | D:10     | Noticed a catoblepas
 13472 | D:10     | Reached XP level 12. HP: 52/101 MP: 18/18
 13554 | D:9      | Killed a two-headed ogre
 13829 | D:9      | Killed a catoblepas
 13830 | D:9      | Reached skill level 12 in Fighting
 14018 | D:10     | Killed a two-headed ogre
 14051 | D:9      | Killed a two-headed ogre
 14181 | D:4      | Bought the +6 scale mail "Qovvaray" {rPois} for 497 gold
                  | pieces
 14625 | D:10     | Noticed a two-headed ogre
 14627 | D:10     | Noticed a two-headed ogre
 14678 | D:9      | Killed a two-headed ogre
 14788 | D:10     | Killed a two-headed ogre
 14954 | D:11     | Noticed a boulder beetle
 14963 | D:11     | Killed a boulder beetle
 15020 | D:11     | Found a flagged portal.
 15029 | Bailey   | Entered a bailey
 15046 | Bailey   | Reached **** piety under Qazlal
 15282 | Bailey   | Reached skill level 13 in Fighting
 15282 | Bailey   | Reached XP level 13. HP: 65/111 MP: 20/20
 15284 | Bailey   | Reached skill level 10 in Armour
 15379 | Bailey   | Reached skill level 5 in Crossbows
 16025 | D:11     | Found a runed translucent door.
 16025 | D:11     | Noticed Zkahoot's ghost (journeyman OpEE)
 16053 | D:11     | Found Banlergh Viel's General Store.
 16281 | Lair:1   | Entered Level 1 of the Lair of Beasts
 16281 | Lair:1   | Noticed a seven-headed hydra
 16288 | Lair:1   | Killed a seven-headed hydra
 16373 | Lair:1   | Reached skill level 10 in Invocations
 16820 | Lair:1   | Found a dark tunnel.
 16855 | Volcano  | Entered a volcano
 16885 | Volcano  | Found a radiant altar of Vehumet.
 16972 | Volcano  | Reached skill level 14 in Fighting
 17134 | Lair:1   | Acquired a manual of Long Blades
 17768 | Lair:2   | Noticed Maggie
 17774 | Lair:2   | Killed Maggie
 17994 | Lair:2   | Noticed a six-headed hydra
 18004 | Lair:2   | Killed a six-headed hydra
 18005 | Lair:2   | Reached XP level 14. HP: 111/121 MP: 21/21
 18153 | Lair:2   | Acquired a +1 tower shield of protection
 18792 | Lair:3   | Found a staircase to the Shoals.
 18977 | Lair:3   | Found a hole to the Spider Nest.
 19000 | Lair:3   | Reached skill level 15 in Fighting
 19029 | Lair:3   | Reached ***** piety under Qazlal
 19127 | Lair:3   | Reached skill level 15 in Long Blades
 19334 | Lair:3   | Found a runed translucent door.
 19810 | Lair:4   | Identified the +4 chain mail "Mumim" {Fly rC++ Str+3}
 20255 | Lair:4   | Reached skill level 10 in Shields
 21030 | Lair:4   | Reached XP level 15. HP: 83/129 MP: 22/22
 21633 | Lair:5   | Found a staircase to the Slime Pits.
 22090 | Lair:6   | Entered Level 6 of the Lair of Beasts
 22302 | Lair:6   | Reached ****** piety under Qazlal
 22822 | Lair:6   | Reached skill level 16 in Fighting
 22855 | Lair:6   | Got Jeameadimi's Volume of Transmutation and the Escort
 22937 | Lair:6   | Reached XP level 16. HP: 134/138 MP: 24/24
 23648 | Orc:1    | Entered Level 1 of the Orcish Mines
 23649 | Orc:1    | Found Guddexe's Jewellery Shoppe.
 23663 | Orc:1    | Found Gohosh's Weapon Shop.
 23745 | Orc:1    | Found a transporter.
 24152 | Orc:1    | Found a transporter.
 24363 | Orc:2    | Entered Level 2 of the Orcish Mines
 24552 | Orc:2    | Found a staircase to the Elven Halls.
 24611 | Orc:2    | Found a burning altar of Makhleb.
 25371 | Orc:2    | Reached skill level 10 in Crossbows
 25400 | Orc:2    | Found Juneiz's Weapon Shoppe.
 25400 | Orc:2    | Found Asusel's Jewellery Shop.
 25402 | Orc:2    | Found Ebbiock's General Store.
 25402 | Orc:2    | Found Caw Fode's Antique Armour Shop.
 25592 | Orc:2    | Bought the +9 plate armour of Claustrophobia {rElec} for
                  | 984 gold pieces
 25618 | Orc:2    | Bought a ring of resist corrosion for 280 gold pieces
 26428 | D:12     | Found Geqyzach's Serpentskin Sales.
 26606 | D:13     | Found Niygyntush's Antique Weapon Emporium.
 26660 | D:13     | Found a gate leading to a gauntlet.
 26673 | Gauntlet | Entered a Gauntlet
 26673 | Gauntlet | Found a transporter.
 26683 | Gauntlet | Found a transporter.
 26698 | Gauntlet | Found a transporter.
 26703 | Gauntlet | Found a transporter.
 26720 | Gauntlet | Found a transporter.
 26737 | Gauntlet | Found a transporter.
 26746 | Gauntlet | Found a transporter.
 26761 | Gauntlet | Found a transporter.
 26767 | Gauntlet | Found a transporter.
 26782 | Gauntlet | Found a transporter.
 26788 | Gauntlet | Found a transporter.
 26803 | Gauntlet | Found a transporter.
 26809 | Gauntlet | Found a transporter.
 26848 | Gauntlet | Found a transporter.
 26893 | Gauntlet | Found a transporter.
 26971 | Gauntlet | Found a transporter.
 27355 | Gauntlet | Found a transporter.
 27381 | Gauntlet | Found a transporter.
 27531 | Gauntlet | Identified the +1 pair of boots "Atarat" {Harm Str+5 Dex+2}
 27566 | Gauntlet | Identified the ring of Emotut {rPois Will+ EV+4}
 27580 | Gauntlet | Identified the ring of Xeugh {rElec rN+ Will- Stlth+}
 27587 | Gauntlet | Got Sif Muna's Guide on Moulding
 27685 | D:13     | Noticed Sonja
 27693 | D:13     | Killed Sonja
 28247 | D:14     | Found Uchesi's Magic Scroll Emporium.
 28290 | D:14     | Upgraded the game from 0.27.1-4-g1640c2035a to
                  | 0.27.1-33-g824d729ab1
 28836 | D:14     | Reached XP level 17. HP: 146/146 MP: 26/26
 28876 | D:14     | Found a gate to the Vaults.
 29292 | D:14     | Found a shadowy altar of Dithmenos.
 29423 | D:15     | Entered Level 15 of the Dungeon
 29792 | D:14     | Reached skill level 17 in Fighting
 30222 | D:15     | Found a staircase to the Depths.
 30507 | D:15     | Reached skill level 15 in Shields
 30833 | Spider:1 | Entered Level 1 of the Spider Nest
 30950 | Spider:1 | Noticed Asterion
 31183 | Spider:1 | Killed Asterion
 31464 | D:4      | Bought a +0 pair of gloves for 49 gold pieces
 32347 | Spider:1 | Identified the +7 quarterstaff of Amortisation {pain,
                  | Will++ Stlth-}
 32371 | Spider:2 | Noticed Arachne
 32386 | Spider:1 | Killed Arachne
 33190 | Spider:2 | Reached XP level 18. HP: 156/156 MP: 20/27
 33452 | Spider:2 | Found the +7 great mace "Firestarter" {inner flame, rF++}
 33795 | Spider:3 | Reached skill level 1 in Dodging
 34206 | Spider:3 | Noticed Nikola
 34223 | Spider:3 | Killed Nikola
 34224 | Spider:3 | Reached skill level 18 in Fighting
 34518 | Spider:4 | Entered Level 4 of the Spider Nest
 35750 | Spider:4 | Found a runed translucent gate.
 35752 | Spider:4 | Found a runed translucent gate.
 35762 | Spider:4 | Found a runed translucent gate.
 35762 | Spider:4 | Noticed Sopaderocas's ghost (adept KoEn)
 36416 | Spider:4 | Reached skill level 5 in Dodging
 36417 | Spider:4 | Reached XP level 19. HP: 163/164 MP: 15/29
 36449 | Spider:4 | Got a gossamer rune of Zot
 36788 | D:11     | Killed Zkahoot's ghost
 36943 | Shoals:1 | Entered Level 1 of the Shoals
 37177 | Shoals:1 | Noticed Donald
 37186 | Shoals:1 | Killed Donald
 37333 | Shoals:1 | Noticed Aizul
 37351 | Shoals:1 | Killed Aizul
 37572 | Shoals:1 | Found Kiyruvea's Antique Armour Boutique.
 37579 | Shoals:1 | Bought a pair of ichor-stained gloves for 180 gold pieces
 37579 | Shoals:1 | Identified the +1 pair of gloves "Ficaud" {rC+ Will- Str+4}
                  | (You bought it in a shop on level 1 of the Shoals)
 39473 | Shoals:4 | Entered Level 4 of the Shoals
 39551 | Shoals:4 | Reached skill level 19 in Fighting
 39551 | Shoals:4 | Reached skill level 15 in Invocations
 39674 | Shoals:4 | Identified the +10 morningstar of Qiluis {freeze, rC++}
 39901 | Shoals:4 | Reached XP level 20. HP: 134/174 MP: 31/31
 40075 | Shoals:4 | Noticed Mara
 40084 | Shoals:4 | Noticed AarnesTheHuman's illusion
 40125 | Shoals:4 | Noticed AarnesTheHuman's illusion
 40171 | Shoals:4 | Noticed AarnesTheHuman's illusion
 40209 | Shoals:4 | Noticed AarnesTheHuman's illusion
 40224 | Shoals:4 | Killed Mara
 40661 | Shoals:4 | Got a barnacled rune of Zot
 41254 | Vaults:1 | Entered Level 1 of the Vaults
 43444 | Vaults:1 | Reached skill level 15 in Crossbows
 44897 | Vaults:2 | Reached XP level 21. HP: 174/182 MP: 32/32
 44961 | Vaults:1 | Reached skill level 20 in Fighting
 45209 | Vaults:2 | Found Eluvuc's Antique Armour Boutique.
 45209 | Vaults:2 | Found Jisaim's Armour Boutique.
 45233 | Vaults:2 | Found Bimiej's Armour Boutique.
 45323 | Vaults:2 | Identified the +7 quarterstaff of Damp Defiance {spect,
                  | rCorr Dex+3}
 45346 | Vaults:2 | Noticed Jory
 45363 | Vaults:2 | Killed Jory
 47262 | Vaults:3 | Found a staircase to the Crypt.
 47262 | Vaults:3 | Found an ancient bone altar of Kikubaaqudgha.
 47263 | Vaults:3 | Found a basalt altar of Yredelemnul.
 47466 | Vaults:3 | Reached XP level 22. HP: 172/192 MP: 34/34
 48223 | Vaults:3 | Reached skill level 21 in Fighting
 48495 | Vaults:4 | Identified the +6 shadow dragon scales "Plog" {Fly rPois
                  | Str+3 Stlth++++}
 48522 | Vaults:4 | Reached skill level 1 in Evocations
 48736 | Vaults:4 | Found Tacumazo's Antique Weapon Boutique.
 49292 | Vaults:4 | Identified the +8 arbalest of Salt {freeze, *Slow rC+ Str+4
                  | Stlth+}
 49404 | Vaults:4 | Found a runed translucent gate.
 49407 | Vaults:4 | Found a runed translucent gate.
 49407 | Vaults:4 | Found a runed translucent gate.
 49407 | Vaults:4 | Noticed royokou's ghost (veteran MiFi)
 49408 | Vaults:4 | Noticed Moagi's ghost (adept GnSk)
 49750 | Elf:1    | Entered Level 1 of the Elven Halls
 49935 | Elf:1    | Reached skill level 5 in Evocations
 50008 | Elf:1    | Found Quetir's Weapon Shop.
 50028 | Elf:1    | Found Kaonam's Assorted Antiques.
 50171 | Elf:1    | Found Xenef's Armour Emporium.
 50399 | Elf:1    | Reached skill level 15 in Armour
 50532 | Elf:1    | Found Gawahoog's Armour Emporium.
 50577 | Elf:1    | Identified the +1 robe "Giwkes" {rF+}
 50591 | Elf:1    | Reached XP level 23. HP: 201/201 MP: 35/35
 50767 | Elf:1    | Found Kipritul's Antique Weapon Boutique.
 51137 | Elf:2    | Found a runed translucent gate.
 51137 | Elf:2    | Found a runed translucent gate.
 51137 | Elf:2    | Found a runed translucent gate.
 51248 | Elf:2    | Found a runed translucent door.
 51248 | Elf:2    | Found a shimmering altar of Xom.
 51249 | Elf:2    | Noticed Jabberih's ghost (adept MfMo)
 51302 | Elf:2    | Found Faun's Jewellery Shoppe.
 51459 | Elf:2    | Noticed Agnes
 51465 | Elf:2    | Killed Agnes
 51917 | Elf:3    | Entered Level 3 of the Elven Halls
 52601 | Elf:3    | Found Mucyckus's Assorted Antiques.
 52739 | Elf:3    | Reached skill level 22 in Fighting
 53078 | Elf:3    | Got Pukemiji's Reference Book on Air and the Mountains
 53216 | Elf:3    | Found the +6 arbalest "Damnation" {damnation}
 53242 | Elf:3    | Got the Compendium of Entrancing Poison
 53246 | Elf:3    | Identified the +7 mace of Accord {holy, rPois rF- Dex+2
                  | SInv}
 53272 | Elf:3    | Got Plog's Compendium of Blistering Transmigration
 53278 | Elf:3    | Identified the +6 hunting sling of Impermanence {speed,
                  | Str+3}
 53549 | Depths:1 | Entered Level 1 of the Depths
 53554 | Depths:1 | Noticed a golden dragon
 53568 | Depths:1 | Killed a golden dragon
 53903 | Elf:2    | Reached XP level 24. HP: 212/212 MP: 35/35
 54565 | Depths:1 | Found Wuenicza's Jewellery Shoppe.
 54565 | Depths:1 | Found Huucreyq's Book Boutique.
 54566 | Depths:1 | Found Cefeit's Book Boutique.
 54576 | Depths:1 | Bought a book of Geomancy for 396 gold pieces
 54579 | Depths:1 | Learned a level 2 spell: Passwall
 54607 | Depths:1 | Reached skill level 1 in Transmutations
 54607 | Depths:1 | Reached skill level 1 in Earth Magic
 54764 | Depths:1 | Found a one-way gate to the infinite horrors of the Abyss.
 54890 | Depths:1 | Found a gateway to Hell.
 55159 | Depths:2 | Reached skill level 5 in Earth Magic
 55344 | Depths:2 | Reached skill level 5 in Transmutations
 55709 | Depths:2 | Identified the +2 leather armour of the Gardener {rCorr
                  | Dex+3}
 55719 | Depths:2 | Identified the +1 leather armour "Vegeddam" {Will++}
 55886 | Depths:2 | Reached skill level 10 in Earth Magic
 55910 | Depths:2 | Found a one-way gate leading to the halls of Pandemonium.
 55925 | Depths:2 | Reached XP level 25. HP: 211/219 MP: 35/35
 56074 | Depths:2 | Found a sparkling altar of Nemelex Xobeh.
 56200 | Depths:2 | Found a runed translucent gate.
 56200 | Depths:2 | Found an ancient bone altar of Kikubaaqudgha.
 56200 | Depths:2 | Noticed a dread lich
 56200 | Depths:2 | Noticed Roant's ghost (adept DsAK)
 56200 | Depths:2 | Noticed an ancient lich
 56202 | Depths:2 | Found a runed translucent gate.
 56202 | Depths:2 | Found a runed translucent gate.
 56204 | Depths:2 | Noticed an ancient lich
 56886 | Depths:2 | Found a sparkling altar of Nemelex Xobeh.
 56990 | Depths:2 | Found a one-way gate leading to the halls of Pandemonium.
 57201 | Depths:2 | Found a runed translucent gate.
 57201 | Depths:2 | Found a runed translucent gate.
 57201 | Depths:2 | Found an ancient bone altar of Kikubaaqudgha.
 57201 | Depths:2 | Found a runed translucent gate.
 57713 | Depths:3 | Found a flickering gateway to a bazaar.
 57719 | Bazaar   | Entered a bazaar
 57726 | Bazaar   | Found Keloxonk's Armour Boutique.
 57731 | Bazaar   | Found Onwamad's Antique Weapon Shop.
 57734 | Bazaar   | Found Ammiupry's Weapon Boutique.
 57738 | Bazaar   | Found Ixkesif's Weapon Shoppe.
 57776 | Bazaar   | Found Lomar's General Store.
 57784 | Bazaar   | Bought a potion of heal wounds for 60 gold pieces
 57798 | Bazaar   | Bought a +0 pair of gloves of archery for 184 gold pieces
 57892 | Depths:3 | Found a snail-covered altar of Cheibriados.
 58605 | Depths:3 | Noticed a juggernaut
 58612 | Depths:3 | Killed a juggernaut
 58614 | Depths:3 | Identified the ring "Ynibucad" {rPois Dex+4}
 59027 | Depths:4 | Reached skill level 23 in Fighting
 59138 | Depths:4 | Found a runed translucent door.
 59138 | Depths:4 | Found a runed translucent door.
 59253 | Depths:4 | Found a runed translucent door.
 59265 | Depths:4 | Reached XP level 26. HP: 219/228 MP: 36/36
 59653 | Depths:4 | Found a gateway to a ziggurat.
 60272 | Depths:4 | Identified the ring "Aniux" {*Slow rF+ Will+ SInv}
 60571 | Depths:4 | Identified the ring "Ogeutyc" {Fly Str+3}
 60576 | Depths:4 | Identified the ring "Egacrugo" {Ice Int+2}
 60581 | Depths:4 | Identified the ring of Rainakh {Wiz rPois Str+4 Dex+3 SInv}
 60755 | Depths:5 | Entered Level 5 of the Depths
 61342 | Depths:5 | Found a gate to the Realm of Zot.
 61677 | Depths:5 | Got the Incunabulum of Triumph
 61746 | Depths:5 | Found a runed translucent door.
 62129 | Depths:5 | Upgraded the game from 0.27.1-33-g824d729ab1 to
                  | 0.27.1-34-g3ba077fa99
 62425 | Vaults:5 | Entered Level 5 of the Vaults
 62519 | Vaults:4 | Upgraded the game from 0.27.1-34-g3ba077fa99 to
                  | 0.27.1-35-g4d5d836560
 62534 | Vaults:5 | Noticed an ancient lich
 62735 | Vaults:2 | Bought a pair of runed boots for 255 gold pieces
 63420 | Vaults:4 | Reached skill level 24 in Fighting
 63462 | Vaults:4 | Reached XP level 27. HP: 234/238 MP: 37/37
 63464 | Vaults:4 | Killed an ancient lich
 64452 | Vaults:5 | Noticed Boris
 64464 | Vaults:4 | Killed Boris
 65367 | Vaults:5 | Noticed Frederick
 65376 | Vaults:5 | Killed Frederick
 67142 | Vaults:5 | Identified the +0 great mace of Viny Gallantry {pain,
                  | Str+3}
 67260 | Vaults:5 | Got a silver rune of Zot
 67409 | Vaults:5 | Found Xaapoal's Jewellery Shoppe.
 67842 | Vaults:5 | Identified the +7 chain mail of Forking Paths {+Inv Will++
                  | Dex-3}
 67846 | Vaults:5 | Identified the +6 mace "Killer Klown's Doom" {flame, rPois
                  | Int+4}
 67848 | Vaults:5 | Got the Catalogue of Calling and Attacks
 68332 | Vaults:5 | Found Xaapoal's Jewellery Shoppe.
 68709 | Vaults:5 | Acquired 1203 gold pieces
 69339 | Zot:1    | Entered Level 1 of the Realm of Zot
 69504 | Zot:1    | Reached skill level 25 in Fighting
 71658 | Zot:2    | You are sucked into a shaft and drop 1 floor!
 76119 | Zot:3    | You are sucked into a shaft and drop 1 floor!
 76655 | Zot:3    | Identified the +10 great sword of Cheibriados's Regard
                  | {vorpal, rElec rN+ Will+ Int-3}
 78159 | Vaults:2 | Bought the +2 pair of gloves "Yreutuam" {Rampage *Slow
                  | rElec rF+} for 448 gold pieces
 78381 | Elf:2    | Bought the ring of Starshine {rElec rC+ rCorr Str-3 Int+2}
                  | for 722 gold pieces
 79185 | Zot:4    | Identified the +6 hand axe of Bloodstone {spect, rC+}
 80609 | Zot:5    | Entered Level 5 of the Realm of Zot
 81214 | Zot:5    | Reached skill level 26 in Fighting
 81509 | Zot:5    | Noticed an orb of fire
 81516 | Zot:5    | Killed an orb of fire
 82184 | Zot:5    | Noticed a Killer Klown
 82194 | Zot:5    | Killed a Killer Klown
 83392 | Zot:5    | Noticed an orb of fire
 83396 | Zot:5    | Gained mutation: Your magical capacity is low. (-10% MP)
                  | [an orb of fire]
 83397 | Zot:5    | Gained mutation: You are dopey. (Int -2) [an orb of fire]
 83398 | Zot:5    | Killed an orb of fire
 85108 | Zot:5    | Noticed an orb of fire
 85112 | Zot:5    | Gained mutation: You are clumsy. (Dex -2) [an orb of fire]
 85113 | Zot:5    | Gained mutation: You do not regenerate when monsters are
                  | visible. [an orb of fire]
 85115 | Zot:5    | Gained mutation: You sometimes lose the ability to read
                  | scrolls when taking damage. [an orb of fire]
 85116 | Zot:5    | Killed an orb of fire
 85357 | D:13     | Lost mutation: You sometimes lose the ability to read
                  | scrolls when taking damage. [potion of mutation]
 85357 | D:13     | Lost mutation: You are dopey. (Int -2) [potion of mutation]
 85357 | D:13     | Lost mutation: Your magical capacity is low. (-10% MP)
                  | [potion of mutation]
 85357 | D:13     | Gained mutation: Your movements are slightly less
                  | encumbered by armour. (ER -2) [potion of mutation]
 85357 | D:13     | Gained mutation: You are frail. (-10% HP) [potion of
                  | mutation]
 85357 | D:13     | Gained mutation: You expend magic power (3 MP) to
                  | strengthen your wands. [potion of mutation]
 85358 | D:13     | Lost mutation: You are clumsy. (Dex -2) [potion of
                  | mutation]
 85358 | D:13     | Lost mutation: You expend magic power (3 MP) to strengthen
                  | your wands. [potion of mutation]
 85358 | D:13     | Gained mutation: You are clumsy. (Dex -2) [potion of
                  | mutation]
 85358 | D:13     | Gained mutation: You have sharp fingernails. [potion of
                  | mutation]
 85574 | Shoals:2 | Lost mutation: You are clumsy. (Dex -2) [potion of
                  | mutation]
 85574 | Shoals:2 | Lost mutation: You have sharp fingernails. [potion of
                  | mutation]
 87317 | Zot:5    | Noticed an orb of fire
 87318 | Zot:5    | Noticed a Killer Klown
 87319 | Zot:5    | Gained mutation: You sometimes lose the ability to read
                  | scrolls when taking damage. [an orb of fire]
 87325 | Zot:5    | Gained mutation: You are weak. (Str -2) [an orb of fire]
 87326 | Zot:5    | Killed an orb of fire
 87332 | Zot:5    | Killed a Killer Klown
 87339 | Zot:5    | Noticed an orb of fire
 87352 | Zot:5    | Gained mutation: Your magical capacity is low. (-10% MP)
                  | [an orb of fire]
 87352 | Zot:5    | Gained mutation: Your magical capacity is very low. (-20%
                  | MP) [an orb of fire]
 87673 | Zot:5    | Lost mutation: You sometimes lose the ability to read
                  | scrolls when taking damage. [an orb of fire]
 87683 | Zot:5    | Gained mutation: You occasionally shout uncontrollably at
                  | your foes. [an orb of fire]
 87690 | Zot:5    | Gained mutation: Your magical capacity is extremely low.
                  | (-30% MP) [an orb of fire]
 87703 | Zot:5    | Killed an orb of fire
 88158 | Zot:5    | Noticed an ancient lich
 88163 | Zot:5    | Killed an ancient lich
 88305 | Zot:5    | Noticed an orb of fire
 88309 | Zot:5    | Gained mutation: Armour fits poorly on your strangely
                  | shaped body. [an orb of fire]
 88314 | Zot:5    | Gained mutation: You are clumsy. (Dex -2) [an orb of fire]
 88316 | Zot:5    | Killed an orb of fire
 89785 | Zot:5    | Noticed a Killer Klown
 89791 | Zot:5    | Killed a Killer Klown
 90941 | Zot:5    | Noticed a dread lich
 90946 | Zot:5    | Killed a dread lich
 91099 | Zot:5    | Noticed a dread lich
 91102 | Zot:5    | Killed a dread lich
 91608 | Zot:5    | Reached skill level 27 in Fighting
 91840 | Zot:5    | Noticed an ancient lich
 91845 | Zot:5    | Killed an ancient lich
 95653 | Zot:5    | Got the Orb of Zot
 95678 | Zot:5    | Noticed Isilyip the pandemonium lord
 95702 | Zot:5    | Gained mutation: You are very frail. (-20% HP) [a
                  | cacodemon]
 96144 | D:$      | Escaped with the Orb!

Illustrated notes

Levels and vault maps discovered:
D:1:      amcnicky_arrival_flooded_fountain, layout_basic
D:2:      layout_basic, uniq_terence
D:3:      layout_basic, minitemple, minmay_misc_feat_iff,
          minmay_misc_feat_tower, glass_columns_a
D:4:      layout_basic, minmay_temple_entry_glassed_door, serial_shops,
          nicolae_stop_n_shop_2, nicolae_square_shop, nicolae_stop_n_shop_2,
          shop
D:5:      layout_cave_pods, corexii_shack, st_stairs_7, uniq_grinder,
          uniq_blork_the_orc
D:6:      layout_loops_ring, lemuel_tele_altar, elyvilon_altar_5, fountainhead
D:7:      layout_rooms, mainiacjoe_overflow_surrounded_room,
          nicolae_gozag_cash_rules_everything_around_me, hangedman_glass_teeth,
          uniq_prince_ribbit1
D:8:      layout_basic, serial_shops, shop, minmay_ruined_shrine
D:9:      layout_loops_corners, erik_lair_orcish_takeover,
          kennysheep_orc_monster_closet_entryway, nicolae_looking_at_the_future
D:10:     layout_long_grid, serial_co_window_serial, co_window_paths_b,
          co_window_corner_a, co_window_paths_a, co_window_corner_a,
          co_window_of_opportunity_a, co_window_corner_ca, co_window_broadway_a,
          co_window_corner_b, co_window_of_opportunity_c, co_window_2corner,
          glass_columns_c, glass_columns_a, glass_columns_a, glass_columns_a,
          glass_columns_c, minmay_pinched_square, uniq_psyche
D:11:     layout_rooms, enter_bailey_1, serial_shops, kennysheep_mini,
          gammafunk_ghost_grave
D:12:     layout_cave_pods, guppyfry_shop_venom
D:13:     layout_gridville, gauntlet_entry_generic, serial_shops,
          nicolae_shop_stone, uniq_sonja
D:14:     layout_small_grid, grunt_vaults_entry_tiered,
          hangedman_decor_clover_reticule, serial_shops, shop,
          nicolae_dithmenos_through_a_glass_darkly
D:15:     gammafunk_depths_entry_grave, layout_cave_pools, special_room
          [special_room_mythical_zoo], minmay_misc_feat_rows
Temple:   regret_index_temple_generic_petals
Lair:1:   layout_regular_city, nicolae_volcano_entry_vermiform,
          lemuel_fruit_fields
Lair:2:   nzn_winding_woodlands_stair_trap
          [nzn_winding_woodlands_5x15_concentric,
          nzn_winding_woodlands_5x15_jagged,
          nzn_winding_woodlands_5x15_river_crossing,
          nzn_winding_woodlands_15x15_thick_spiral,
          nzn_winding_woodlands_5x15_pockets,
          nzn_winding_woodlands_5x15_sawtooth,
          nzn_winding_woodlands_5x15_zeroes], layout_regular_city, uniq_maggie
Lair:3:   gammafunk_mikee_crab_dinner, layout_loops_ring,
          minmay_shoals_entry_beasts, spider_nest_entry_a
Lair:4:   layout_cave_pods
Lair:5:   layout_long_grid, dpeg_slime_entry_corner, grunt_forest_stairs_basic,
          beast_lair_carwin_2
Lair:6:   minmay_lair_end_frog_pond, layout_long_grid
Shoals:1: layout_shoals, nicolae_shoals_c_island, uniq_aizul, uniq_donald
Shoals:2: layout_shoals, abandoned_shop
Shoals:3: layout_shoals
Shoals:4: shoals_end_grunt_garden, layout_shoals, nicolae_shoals_mertower,
          uniq_mara
Spider:1: layout_spider_delve, uniq_asterion
Spider:2: layout_spider_delve, uniq_arachne
Spider:3: layout_spider_delve, uniq_nikola
Spider:4: floodkiller_spider_rune_tomb, ebering_ghost_rock_garden
Orc:1:    gammafunk_beogh_shrine, layout_caves, serial_shops, shop, shop
Orc:2:    grunt_orc_tribal_feast, layout_caves, basic_altar,
          nicolae_orc_pool_cavern
Elf:1:    eino_elf_arrival_the_gate, layout_gridlike, serial_shops, shop,
          nicolae_shop_temple_entry_statues_fountains, shop, shop,
          nicolae_shop_crystal, serial_co_window_serial,
          co_window_of_opportunity_a, co_window_paths_b,
          co_window_of_opportunity_a, co_window_paths_a, co_window_paths_b,
          co_window_of_opportunity_b, co_window_cross_4, co_window_broadway_c,
          co_window_corner_ca, co_window_corner_ca, co_window_corner_b,
          co_window_corner_b, co_window_4corner_a, glass_columns_a,
          glass_columns_c
Elf:2:    nicolae_elf_blades_splatter_lattice [nicolae_blade_entry_pointy_end],
          layout_loops_corners, ebering_ghost_xom, serial_shops,
          nicolae_square_shop, uniq_agnes
Elf:3:    elf_hall, layout_gridlike, serial_shops, shop
Vaults:1: hangedman_vaults_stretched_pinwheel, vaults_standard_mumra_x,
          nicolae_vaults_c_with_doors, vaults_room_door_hall,
          hangedman_vaults_snaps, v_misc_11, nicolae_vaults_little_squares_6,
          grunt_vaults_focal, vaults_dpeg_encased_lava, v_alt_pattern_3,
          grunt_vaults_hallway_short, layout_vaults_chaotic_city
Vaults:2: v_rooms_2, v_misc_23, nicolae_vaults_rhombus_7, v_misc_2,
          hangedman_vaults_hard_town_square, nicolae_vaults_network_star,
          hangedman_vaults_slice, v_misc_19, nicolae_vaults_asterisk,
          vaults_room_pools, layout_vaults_omnicross, uniq_jory
Vaults:3: hangedman_vaults_maws, hangedman_vaults_hat, v_alt_pattern_6,
          nicolae_vaults_little_squares_6, ontoclasm_vaults_decontamination,
          minmay_crypt_entry_necro_gods, v_misc_8, hangedman_vaults_nails,
          v_misc_2, v_alt_pattern_3, serial_ice_m, vaults_room_semicircle,
          v_alt_pattern_5, nicolae_vaults_shelves_hall, layout_vaults_ring
Vaults:4: gammafunk_vaults_ghost_cemetery, grunt_vaults_twisty,
          nicolae_vaults_yaktaur_gun_rack,
          vaults_standard_mumra_enter_the_diamond, nicolae_vaults_back_hallway,
          v_misc_14, nicolae_vaults_little_squares_2, v_misc_28, v_pattern_5,
          layout_vaults_maze_bifur, serial_shops, shop
Vaults:5: serial_shops, uniq_boris, uniq_frederick
Depths:1: layout_forbidden_donut, amcnicky_mini_rare_corridor_liquid,
          abyss_entry, hell_entry, kennysheep_generic_room_16,
          kennysheep_random_hallway, minmay_shop_grove, serial_bayou_shore_a
Depths:2: evilmike_marble_ring, layout_basic, rand_demon_pan_entry_5,
          gammafunk_ghost_crypt, hell_entry, nemelex_lonely_heart_becter,
          grunt_megastairs_3, infiniplex_staircase_star
Depths:3: kennysheep_large_spiral, layout_cave_shapes, cheibriados_altar_1,
          serial_shops, bzr_entry_safe, grunt_pan_entry_in_and_out,
          pf_vacation_house_of_asmodeus, infiniplex_staircase_river
Depths:4: minmay_the_grid_triangle_9x9_rhombus_full
          [minmay_the_grid_triangle_9x9_tough_junction,
          minmay_the_grid_triangle_9x9_semitri,
          minmay_the_grid_triangle_9x9_steps,
          minmay_the_grid_triangle_9x9_corrupted_corridor,
          minmay_the_grid_triangle_9x9_zippers_horizontal,
          minmay_the_grid_triangle_9x9_thin_v,
          minmay_the_grid_triangle_9x9_subtriangle,
          minmay_the_grid_triangle_9x9_prize_special], layout_basic,
          enter_ziggurat_f, pf_hell_entry_tar_river, minmay_room_of_horrors
Depths:5: evilmike_zot_entry_argh, layout_gridlike, hell_entry,
          solitary_fountain, kennysheep_treasure_room, uniq_margery
Zot:1:    kennysheep_six_static_rooms, layout_misc_corridors,
          grunt_ministairs_13, hangedman_zot_decor_scrapings
Zot:2:    layout_gridlike
Zot:3:    layout_gridlike, grunt_megastairs_2
Zot:4:    layout_gridlike
Zot:5:    layout_basic

Skill      XL: |  1  2  3  4  5  6  7  8  9 10 11 12 13 14 15 16 17 18 19 20 21 22 23 24 25 26 27 |
---------------+----------------------------------------------------------------------------------+-----
Shields        | 4 5 6 7 8 9 10 11 14 15 | 15.0
Fighting       | 4 5 6 7 8 10 11 13 14 15 16 17 18 19 20 21 22 23 24 27 | 27.0
Armour         | 4 5 6 7 9 11 12 13 15 16 17 18 23 | 23.4
Long Blades    | 3 4 5 6 7 9 10 12 13 15 16 17 | 17.2
Invocations    | 2 3 5 6 8 9 10 11 12 13 14 15 16 18 20 26 | 26.2
Crossbows      | 2 4 6 8 9 10 12 13 14 15 17 18 | 18.0
Dodging        | 5 6 7 9 |  9.0
Evocations     | 5 7 8 |  8.0
Transmutations | 7 9 |  9.0
Earth Magic    | 10 11 | 11.0

Action                   |  1- 3 |  4- 6 |  7- 9 | 10-12 | 13-15 | 16-18 | 19-21 | 22-24 | 25-27 || total
-------------------------+-------+-------+-------+-------+-------+-------+-------+-------+-------++-------
Melee: Long sword        |   150 |    88 |       |       |       |       |       |       |       ||   238
       Double sword      |       |    66 |   213 |   468 |   764 |  1059 |   975 |  1038 |  1262 ||  5845
 Fire: Hand crossbow     |       |       |       |    23 |    33 |       |       |       |       ||    56
       Arbalest          |       |       |       |       |    51 |   127 |   324 |   253 |  1002 ||  1757
Throw: Dart              |       |       |    11 |    12 |     5 |     6 |    16 |       |     1 ||    51
       Stone             |       |       |     5 |       |       |       |       |       |       ||     5
 Cast: Passwall          |       |       |       |       |       |       |       |       |     4 ||     4
Invok: Upheaval          |       |       |       |     4 |       |       |     3 |       |     1 ||     8
       Disaster Area     |       |       |       |       |       |     2 |     1 |       |     3 ||     6
       Elemental Force   |       |       |       |       |       |       |     2 |       |     1 ||     3
 Abil: Dig               |       |    14 |     2 |     4 |     4 |     7 |     1 |    14 |    14 ||    60
Evoke: Wand              |       |       |       |       |     5 |     1 |     1 |       |     1 ||     8
       Condenser vane    |       |       |       |       |       |       |       |       |     1 ||     1
  Use: Scroll            |       |     9 |     8 |     7 |    20 |     4 |     2 |     2 |    12 ||    64
       Potion            |       |       |       |     2 |       |     1 |     1 |     2 |     6 ||    12
 Stab: Distracted        |       |       |       |     1 |     1 |       |       |       |       ||     2
Armor: Scale mail        |    55 |    48 |    37 |    87 |   272 |    38 |       |       |       ||   537
       Plate armour      |       |       |       |       |       |   229 |   163 |    96 |   352 ||   840
Dodge: Dodged            |    37 |    45 |    51 |   114 |   135 |   176 |   163 |   107 |   368 ||  1196
       Repelled          |       |       |       |       |     1 |     1 |     1 |     9 |    31 ||    43
Block: Kite shield       |    88 |    97 |   178 |   538 |   201 |       |       |       |       ||  1102
       Reflection        |       |     3 |     4 |    23 |     6 |    45 |   121 |    74 |    48 ||   324
       Tower shield      |       |       |       |       |   873 |  1579 |  1230 |   914 |  2074 ||  6670
       Rpst.: Long sword |     9 |     9 |       |       |       |       |       |       |       ||    18
       Double sword      |       |     2 |    12 |    26 |    21 |    29 |    19 |    11 |    35 ||   155
